 Dungeon Crawl Stone Soup version 0.29-a0-553-g81b289dbe5 (webtiles) character file.

Game seed: 10430268259377523351

1297 grumblor the Skirmisher (level 8, -5/65 HPs)
             Began as a Mummy Fighter on June 6, 2022.
             Slain by an orc warrior
             ... wielding a +0 scimitar
              (6 damage)
             ... on level 5 of the Dungeon.
             The game lasted 00:10:22 (5557 turns).

grumblor the Skirmisher (Mummy Fighter)             Turns: 5557, Time: 00:10:23

Health: -5/65      AC: 11    Str: 21    XL:     8   Next: 31%
Magic:  8/8        EV:  8    Int:  7    God:
Gold:   282        SH:  4    Dex: 12    Spells: 7/7 levels left

rFire   . . .      SeeInvis .   b - +4 hand axe
rCold   + + .      Faith    .   c - +0 buckler
rNeg    + + +      Spirit   .   h - +0 chain mail
rPois   ∞          Reflect  .   f - +1 helmet
rElec   .          Harm     .   d - scarf {rC+ rF+}
rCorr   .          Rampage  .   (no gloves)
Will    +....                   (no boots)
Stlth   ..........              (no amulet)
HPRegen 0.20/turn               (no ring)
MPRegen 0.11/turn               (no ring)

@: no status effects
A: cold resistance 1, negative energy resistance 3, torment resistance 2, heat
vulnerability 1, in touch with death 1, no potions
a: no special abilities


You were on level 5 of the Dungeon.
You visited 2 branches of the dungeon, and saw 6 of its levels.
You also visited: Sewer.

You collected 282 gold pieces.

Inventory:

Hand Weapons
 a - a +2 war axe
 b - a +4 hand axe (weapon)
Missiles
 j - 4 silver boomerangs (quivered)
 k - 21 poisoned darts
Armour
 c - a +0 buckler (worn)
 d - a scarf of resistance (worn)
 f - a +1 helmet (worn)
 h - a +0 chain mail (worn)
Scrolls
 g - a scroll of torment
 i - a scroll of fear
 m - a scroll of enchant weapon
 n - a scroll of summoning


   Skills:
 * Level 6.6 Fighting
 + Level 5.0 Axes
 * Level 1.5 Throwing
 - Level 4.0 Armour
 - Level 2.0 Dodging
 + Level 3.2 Shields


You had 7 spell levels left.
You didn't know any spells.
Your spell library contained the following spells:

 Spells                   Type           Power      Damage    Failure   Level
 Gell's Gravitas          Tloc           0%         N/A       100%        3
 Lesser Beckoning         Tloc           0%         N/A       100%        3
 Teleport Other           Tloc           0%         N/A       100%        3


Dungeon Overview and Level Annotations

Branches:
Dungeon (5/15)             Temple (1/1) D:4           Sewer (visited)

Altars:
Ashenzari
Cheibriados
Dithmenos
Elyvilon
Fedhas
Kikubaaqudgha
Makhleb
Nemelex Xobeh
Okawaru
Qazlal
Ru
Sif Muna
Trog
Vehumet
Xom
Zin
The Shining One

Shops:
D:1 ?   D:3 :


Innate Abilities, Weirdness & Mutations

You are immune to poison.
Your flesh is cold resistant. (rC+)
You are immune to negative energy. (rN+++)
You are immune to unholy pain and torment.
You are vulnerable to heat. (rF-)
You are in touch with the powers of death.
You do not drink.


Message History

You climb downwards.
You block the orc warrior's attack.
There is a stone staircase leading up here.
You can't drink.
Okay, then.
You hit the orc warrior but do no damage.
The orc warrior barely misses you.
You hit the orc warrior but do no damage.
The orc warrior closely misses you.
You barely miss the orc warrior.
The orc warrior hits you with a +0 scimitar.
The orc warrior closely misses you.
You barely miss the orc warrior.
The orc warrior hits you with a +0 scimitar!
You hit the orc warrior but do no damage.
The orc warrior hits you with a +0 scimitar!
You hit the orc warrior but do no damage.
The orc warrior closely misses you.
You hit the orc warrior but do no damage.
The orc warrior hits you but does no damage.
You hit the orc warrior.
The orc warrior is lightly wounded.
The orc warrior hits you with a +0 scimitar!
You barely miss the orc warrior.
The orc warrior is lightly wounded.
The orc warrior barely misses you.
You barely miss the orc warrior.
The orc warrior is lightly wounded.
The orc warrior hits you with a +0 scimitar!
* * * LOW HITPOINT WARNING * * *
You completely miss the orc warrior.
The orc warrior is lightly wounded.
You block the orc warrior's attack.
You hit the orc warrior.
The orc warrior is lightly wounded.
The orc warrior hits you with a +0 scimitar!
* * * LOW HITPOINT WARNING * * *
You hit the orc warrior.
The orc warrior is lightly wounded.
The orc warrior hits you with a +0 scimitar.
You die...

##
#...####...####.....#.......#
#...#.......# ##..###.......#
#...........#####'###.......#
##..........#......##.......#
#......#####.........##.....
#....### #.........##.....
#....#######.........##.....
###..............###...##.....
#....#.......@o..# #..|##.....
#....#...........# #..###.....
#....#...........####.#####+##
#...(#...................##+##
#....#........................
#..†..........................
#.............................
#.......................#.....
#...........†....######.#.....


You could see an orc warrior.

Vanquished Creatures
  The ghost of shadowstone the Covered, an amateur GrFi of Nemelex Xobeh (D:4)
  Sigmund (D:3)
  2 phantoms
  2 kobold brigands (Sewer)
  A necrophage (D:4)
  A scorpion (D:5)
  A hound (D:4)
  4 orc priests
  A jelly (D:5)
  A gnoll shaman (D:4)
  Jessica (D:2)
  Terence (D:2)
  Robin (D:2)
  8 adders
  3 gnolls (D:4)
  2 river rats (Sewer)
  2 ufetubi (D:5)
  9 worms
  A dart slug (D:1)
  16 orcs
  10 ball pythons
  7 bats
  11 endoplasms
  3 giant cockroaches
  12 goblins
  10 hobgoblins
  4 jackals (D:1)
  7 kobolds
  4 quokkas
  3 frilled lizards
  9 rats
139 creatures vanquished.

Vanquished Creatures (collateral kills)
  An orc (D:5)
1 creature vanquished.

Grand Total: 140 creatures vanquished

Notes
Turn   | Place    | Note
-------+----------+-------------------------------------------
     0 | D:1      | grumblor the Mummy Fighter began the quest for the Orb.
     0 | D:1      | Reached XP level 1. HP: 18/18 MP: 1/1
    71 | D:1      | Reached XP level 2. HP: 16/24 MP: 2/2
   190 | D:1      | Found a faded altar of an unknown god.
   290 | D:1      | Found Maocy's Magic Scroll Shoppe.
   400 | D:1      | Gained mutation: You are in touch with the powers of death.
                  | [Mummy growth]
   400 | D:1      | Reached XP level 3. HP: 29/29 MP: 3/3
   784 | D:2      | Noticed Robin
   814 | D:2      | Killed Robin
   911 | D:2      | Noticed Jessica
   915 | D:2      | Killed Jessica
   916 | D:2      | Reached skill level 1 in Dodging
   916 | D:2      | Reached XP level 4. HP: 33/37 MP: 4/4
   977 | D:2      | Noticed Terence
   987 | D:2      | Killed Terence
  1227 | D:2      | Reached skill level 4 in Fighting
  1549 | D:3      | Reached XP level 5. HP: 42/42 MP: 5/5
  1562 | D:3      | Noticed Sigmund
  1854 | D:3      | Killed Sigmund
  1855 | D:3      | Reached XP level 6. HP: 19/49 MP: 6/6
  2526 | D:3      | Found Yboing's Book Emporium.
  2743 | D:4      | Found a shimmering blue altar of Sif Muna.
  2788 | D:4      | Found a runed translucent door.
  2793 | D:4      | Noticed shadowstone's ghost (amateur GrFi)
  2805 | D:4      | Reached XP level 7. HP: 54/55 MP: 7/7
  2837 | D:4      | Killed shadowstone's ghost
  2838 | D:4      | Reached skill level 5 in Fighting
  2851 | D:4      | Found a runed translucent door.
  3624 | D:4      | Found a staircase to the Ecumenical Temple.
  3669 | Temple   | Entered the Ecumenical Temple
  3940 | D:5      | Entered Level 5 of the Dungeon
  3982 | D:5      | Reached skill level 6 in Fighting
  4176 | D:5      | Found a glowing drain.
  4208 | Sewer    | Entered a sewer
  4226 | Sewer    | Reached XP level 8. HP: 61/64 MP: 8/8
  4259 | Sewer    | Reached skill level 1 in Throwing
  5143 | D:5      | Reached skill level 5 in Axes
  5556 | D:5      | HP: 1/65 [orc warrior/+0 scimitar (12)]
  5557 | D:5      | Slain by an orc warrior

Illustrated notes

Levels and vault maps discovered:
D:1:      wander_arrival_lonely_grave, layout_rooms, serial_shops,
          nicolae_square_shop, shapermc_ecumenical_altar_totnotflames
D:2:      layout_basic, uniq_robin, uniq_terence, uniq_jessica
D:3:      layout_rooms, serial_shops, shop, dk_vineyard_1, uniq_sigmund
D:4:      layout_layer_cave, nicolae_sif_muna_condensation,
          minmay_temple_entry_gardened_gates, serial_glass, glass_columns_b,
          glass_columns_a, glass_columns_a, glass_columns_b, glass_columns_b,
          glass_columns_b, glass_columns_b, glass_columns_a, glass_columns_a,
          glass_columns_a, feat_on_display, minmay_strange_pillars,
          minmay_strange_pillars, ebering_ghost_sewer_f
D:5:      layout_basic, cheibrodos_sewer_entry_bend, pf_guarded_unrand_meek,
          uniq_crazy_yiuf_cottage
Temple:   nicolae_temple_x_marks_the_god

Skill      XL: |  1  2  3  4  5  6  7  8 |
---------------+-------------------------+-----
Axes           | 2 3 4 5 |  5.0
Dodging        | 1 2 |  2.0
Fighting       | 4 6 |  6.6
Armour         | 3 4 |  4.0
Shields        | 3 |  3.2
Throwing       | 1 |  1.5

Action                   |  1- 3 |  4- 6 |  7- 9 || total
-------------------------+-------+-------+-------++-------
Melee: War axe           |    87 |    49 |       ||   136
       Hand axe          |       |    90 |   302 ||   392
  Use: Scroll            |     3 |     5 |     4 ||    12
Armor: Scale mail        |    37 |       |       ||    37
       Chain mail        |       |    74 |   121 ||   195
Dodge: Dodged            |    54 |    38 |    95 ||   187
Block: Buckler           |    23 |    19 |    56 ||    98

Table legend: (Time is in decaauts)
 A = Elapsed time spent in this place.
 B = Non-inter-level travel time spent in this place.
 C = Inter-level travel time spent in this place.
 D = Time resting spent in this place.
 E = Time spent auto-exploring this place.
 F = Levels seen in this place.
 G = Mean time per level.
                   A        B        C        D        E       F      G
               +--------+--------+--------+--------+--------+-----+--------+
         Total |   5755 |   5623 |    132 |    866 |   3484 |   7 |  822.1 |
       Dungeon |   4980 |   4857 |    123 |    866 |   3058 |   5 |  996.0 |
        Temple |     58 |     50 |      8 |      0 |     46 |   1 |   58.0 |
         Sewer |    715 |    715 |      0 |      0 |    380 |   1 |  715.0 |
               +--------+--------+--------+--------+--------+-----+--------+

Top non-repeatable levels by time:
     D:4: 1565 daAuts
     D:2: 1167 daAuts
     D:3: 878 daAuts
   Sewer: 715 daAuts
     D:1: 693 daAuts
     D:5: 675 daAuts
  Temple: 58 daAuts
